 Dungeon Crawl Stone Soup version 0.28-a0-172-g787e458d71 (webtiles) character file.

Game seed: 4379205500527622477

42 rabbitsville the Skirmisher (level 3, -5/34 HPs)
             Began as a Hill Orc Fighter on Aug 16, 2021.
             Slain by a goblin (7 damage)
             ... led by Robin
             ... on level 2 of the Dungeon.
             The game lasted 00:04:54 (1906 turns).

rabbitsville the Skirmisher (Hill Orc Fighter)      Turns: 1906, Time: 00:04:55

Health: -5/34      AC:  6    Str: 19    XL:     3   Next: 56%
Magic:  3/3        EV:  7    Int:  8    God:
Gold:   67         SH:  8    Dex: 10    Spells: 2/2 levels left

rFire   . . .      SeeInvis .   a - +0 war axe
rCold   . . .      Faith    .   c - +0 kite shield
rNeg    . . .      Spirit   .   b - +0 scale mail
rPois   .          Reflect  .   (no helmet)
rElec   .          Harm     .   (no cloak)
rCorr   .          Rampage  .   (no gloves)
Will    .....                   (no boots)
Stlth   ..........              (no amulet)
HPRegen 0.11/turn               (no ring)
MPRegen 0.08/turn               (no ring)

@: lethally poisoned (-5 -> -10)
A: no striking features
a: no special abilities


You were on level 2 of the Dungeon.
You visited 1 branch of the dungeon, and saw 2 of its levels.

You collected 67 gold pieces.

Inventory:

Hand Weapons
 a - a +0 war axe (weapon)
Missiles
 e - 4 boomerangs (quivered)
Armour
 b - a +0 scale mail (worn)
 c - a +0 kite shield (worn)
Scrolls
 f - 2 scrolls of teleportation {unknown}
 h - a scroll of enchant armour {unknown}
Potions
 d - 2 potions of might
 g - 2 potions of haste {unknown}


   Skills:
 + Level 4.6 Fighting
 + Level 4.1 Axes
 - Level 3.2 Armour
 - Level 3.2 Shields


You had 2 spell levels left.
You didn't know any spells.
Your spell library was empty.

Dungeon Overview and Level Annotations

Branches:
Dungeon (2/15)

Altars:

Annotations:
D:2 Robin


Message History

The adder is heavily wounded.
You block the adder's attack. The adder bites you but does no damage.
Robin roars a battlecry!
The goblin goes into a battle-frenzy!
You hear a shout! x3
You miss the adder.
The adder is heavily wounded.
You hear a shout!
You block the adder's attack. x2
Robin throws the goblin at you!
You miss the goblin. You closely miss the adder. You block the adder's attack.
The adder barely misses you. The goblin hits you with a +0 club.
Robin points. "Kill!"
Robin throws the goblin at you! The adder closely misses you.
The goblin hits you with a club.
You hit the goblin.
The goblin is severely wounded.
You closely miss the goblin. You closely miss the adder.
A hobgoblin comes into view.
You block the goblin's attack. The adder bites you but does no damage.
You block the goblin's attack. The goblin barely misses you.
You closely miss the goblin.
The goblin is severely wounded.
You hit the goblin but do no damage. You hit the adder. The adder bites you.
* * * LOW HITPOINT WARNING * * *
You are poisoned.
The adder poisons you!
A hobgoblin comes into view.
The goblin hits you but does no damage. The adder barely misses you.
You block the goblin's attack. x2
You slash the goblin!
You kill the goblin!
You slash the adder!
You kill the adder!
You closely miss the goblin.
You feel sick.
Robin says, "My army is invincible!"
Robin throws the goblin at you! The goblin hits you with a +0 mace.
* * * LOW HITPOINT WARNING * * *
You block the goblin's attack. The goblin hits you with a +0 mace!
You die...

.###.# #.# #..>...†..#
.....#####.# ##..########
...........# #...#
...........# #..##
###..#####.## #..# #..#
##...###..#
#..###.....##..# ###
#..##.......#g)#####....#
#........<...g@gbggg..#
#.###......^######.#.....
#..........## ... ##.
#.........## .#.#
#........## ...#
#.#####...... .g $ #.#
##.#### ..# . ###.## #.#
#g# .g ..)..# .#


You could see Robin, 2 hobgoblins, 3 goblins and a bat.

Vanquished Creatures
  An adder (D:2)
  2 dart slugs (D:1)
  4 bats
  An endoplasm (D:1)
  A giant cockroach (D:1)
  5 goblins
  3 hobgoblins
  6 jackals
  A quokka (D:2)
  4 ball pythons
  8 kobolds
  3 rats (D:1)
  A bush (D:1)
40 creatures vanquished.

Vanquished Creatures (others)
  12 plants (D:1)
12 creatures vanquished.

Grand Total: 52 creatures vanquished

Notes
Turn   | Place    | Note
-------+----------+-------------------------------------------
     0 | D:1      | rabbitsville the Hill Orc Fighter began the quest for the
                  | Orb.
     0 | D:1      | Reached XP level 1. HP: 19/19 MP: 1/1
   339 | D:1      | Reached XP level 2. HP: 27/27 MP: 2/2
   994 | D:1      | Reached XP level 3. HP: 34/34 MP: 3/3
  1899 | D:2      | Noticed Robin
  1906 | D:2      | Slain by a goblin

Illustrated notes

Levels and vault maps discovered:
D:1:      psy_arrival_radial02, layout_basic, columned_hall_lemuel,
          dk_noncrumbling_4, lexackson_kobold_supper
D:2:      layout_loops_ring, minmay_fractal_squares_5, uniq_robin

Skill      XL: |  1  2  3 |
---------------+----------+-----
Axes           | 3 4 |  4.1
Fighting       | 4 |  4.6
Armour         | |  3.2
Shields        | |  3.2

Action                   || total
-------------------------++-------
Melee: War axe           ||   189
Throw: Boomerang         ||     5
Armor: Scale mail        ||    67
Dodge: Dodged            ||    51
Block: Kite shield       ||    74

Table legend: (Time is in decaauts)
 A = Elapsed time spent in this place.
 B = Non-inter-level travel time spent in this place.
 C = Inter-level travel time spent in this place.
 D = Time resting spent in this place.
 E = Time spent auto-exploring this place.
 F = Levels seen in this place.
 G = Mean time per level.
                   A        B        C        D        E       F      G
               +--------+--------+--------+--------+--------+-----+--------+
         Total |   2021 |   1963 |     58 |    252 |   1191 |   2 | 1010.5 |
       Dungeon |   2021 |   1963 |     58 |    252 |   1191 |   2 | 1010.5 |
               +--------+--------+--------+--------+--------+-----+--------+

Top non-repeatable levels by time:
     D:1: 1622 daAuts
     D:2: 398 daAuts
